 Dungeon Crawl Stone Soup version 0.17.1-1-g73c8601 (webtiles) character file.

6761 jwolkins2 the Spear-Bearer (level 10, -1/93 HPs)
             Began as a Minotaur Gladiator on Apr 13, 2016.
             Was a High Priest of Okawaru.
             Slain by an unseen horror (9 damage)
             ... on level 9 of the Dungeon on Apr 14, 2016.
             The game lasted 00:19:34 (7733 turns).

jwolkins2 the Spear-Bearer (Minotaur Gladiator)     Turns: 7733, Time: 00:19:35

Health: -1/93      AC:  8    Str: 20    XL:     10   Next: 75%
Magic:  9/9        EV: 18    Int:  5    God:    Okawaru [*****.]
Gold:   501        SH:  0    Dex: 14    Spells: 0 memorised, 9 levels left

rFire  . . .     SeeInvis .     I - +3 spear (freeze)
rCold  . . .     Clarity  .     v - +1 ring mail
rNeg   . . .     SustAt   .     (no shield)
rPois  .         Gourm    .     c - +0 hat
rElec  .         Spirit   .     (no cloak)
rCorr  .         Warding  .     (no gloves)
rMut   .         Stasis   .     (no boots)
MR     .....                    y - amulet of faith
Stlth  +.........               C - +1 ring of slaying
                                D - +2 ring of evasion

@: not resistant to hostile enchantments, very unstealthy
A: retaliatory headbutt, horns 2
a: Heroism, Finesse, Renounce Religion


You were on level 9 of the Dungeon.
You worshipped Okawaru.
Okawaru was extremely pleased with you.
You were not hungry.

You visited 1 branch of the dungeon, and saw 9 of its levels.

You collected 501 gold pieces.

Inventory:

Hand Weapons
 a - a +3 trident
 I - a +3 spear of freezing (weapon)
Missiles
 d - 5 throwing nets (quivered)
Armour
 b - a +1 leather armour
 c - a +0 hat (worn)
 v - a +1 ring mail (worn)
Jewellery
 k - an uncursed ring of poison resistance
 r - an uncursed ring of flight
 y - an amulet of faith (around neck)
 A - an uncursed ring of teleportation
 B - an uncursed ring of ice
 C - a +1 ring of slaying (right hand)
 D - a +2 ring of evasion (left hand)
Wands
 g - a wand of polymorph (12)
 h - a wand of flame (39)
 p - a wand of fire (6)
 s - a wand of flame (30)
 x - a wand of fire (7)
 z - a wand of disintegration (15)
Scrolls
 f - 2 scrolls of amnesia
 i - 5 scrolls of identify
 l - 2 scrolls of recharging
 o - a scroll of noise
 q - 3 scrolls of enchant armour
 E - 3 scrolls of teleportation
Potions
 j - a potion of degeneration
 n - a potion of flight
 w - a potion of haste
Comestibles
 e - 6 bread rations
 m - 4 chunks of flesh
 t - 2 meat rations
 F - 3 beef jerkies
 G - 12 fruits
 H - 5 slices of pizza


   Skills:
 + Level 10.0 Fighting
 + Level 10.6 Polearms
 - Level 2.0 Throwing
 + Level 9.8 Armour
 + Level 9.6 Dodging
 + Level 0.4 Invocations


You had 9 spell levels left.
You didn't know any spells.

Dungeon Overview and Level Annotations

Branches:
Dungeon (9/15)             Temple (0/1) D:6
   Lair: D:8-11         Orc: D:9-12

Altars:
Dithmenos
Elyvilon
Fedhas
Makhleb
Okawaru
Sif Muna
Xom
Yredelemnul

Shops:
D:5 ?*   D:6 }


Innate Abilities, Weirdness & Mutations

You reflexively headbutt those who attack you in melee.
You have a pair of horns on your head.


Message History

Drink which item? (? for menu, Esc to quit)
You feel better. Something closely misses you.
Something hits you but does no damage. x2
Something hits you but does no damage. Something hits you.
* * * LOW HITPOINT WARNING * * *
Something hits you.
* * * LOW HITPOINT WARNING * * *
Something barely misses you. Something hits you.
* * * LOW HITPOINT WARNING * * *
Something barely misses you. Something closely misses you.
Something hits you but does no damage.
You hit something but do no damage. Your headbutt misses something.
Something closely misses you. Something barely misses you.
You hit something. You freeze something. You headbutt something!
Something completely misses you. Something hits you!
* * * LOW HITPOINT WARNING * * *
You swing at nothing.
Something barely misses you. Something barely misses you.
You hit something. You freeze something. You headbutt something.
Something hits you!
You die...

##..# ##....# # ###......# #.#
.## ###.?...#..# #.# ...###
###..........###.### .....###
###.....##.....+.....
.......#####......###.....##...#
...$.....#.....#..# #.....##...#
.##..........###@##
#.....##...## ..(...).....#....#
#............ .....(..###......#
###.....#.## ....(...# ##.....#
#.......#.# /$......# #.....#
#.#.....#.# ........# #.....#
#.#.....#.# .(......# ##.####
#.#.....#.#
(.......#####'########.#.....#.#
........#...........##.#.....#.#


There were no monsters in sight!

Vanquished Creatures
  Erolcha (D:8)
  A hydra (D:8)
  A centaur warrior (D:9)
  Pikel (D:6)
  Psyche (D:9)
  3 yaks
  A hungry ghost (D:8)
  3 hippogriffs
  2 water moccasins
  2 ice beasts (D:7)
  3 centaurs
  2 sky beasts
  A slave (D:6)
  2 ogres
  The ghost of adamhnan the Magician, an amateur DsFE (D:3)
  2 giant frogs
  A crocodile (D:8)
  4 big kobolds
  A wyvern skeleton (D:7)
  2 scorpions
  4 wights (D:8)
  A jelly (D:7)
  5 hounds
  5 crimson imps
  A quasit (D:9)
  3 orc priests
  A centaur skeleton (D:5)
  2 iguanas
  3 orc wizards
  A giant frog skeleton (D:6)
  4 worker ants
  2 sheep (D:8)
  A worker ant zombie (D:6)
  A hound skeleton (D:7)
  7 gnolls
  4 adders
  4 shadow imps
  2 oozes
  2 adder zombies
  2 adder skeletons (D:4)
  2 worms (D:2)
  5 giant geckos
  18 orcs
  7 bats
  8 goblins
  4 hobgoblins
  A quokka (D:7)
  A ball python (D:1)
  A ball python skeleton (D:5)
  6 giant cockroaches
  6 giant newts
  13 jackals
  A jackal zombie (D:7)
  10 kobolds
  A quokka zombie (D:7)
  10 rats
184 creatures vanquished.

Vanquished Creatures (others)
  A centaur (D:8)
  A giant frog (D:8)
  A worker ant (D:8)
  An adder (D:8)
  A shadow imp (D:6)
  A jackal (D:8)
6 creatures vanquished.

Grand Total: 190 creatures vanquished

Notes
Turn   | Place    | Note
--------------------------------------------------------------
     0 | D:1      | jwolkins2 the Minotaur Gladiator began the quest for the Orb.
     0 | D:1      | Reached XP level 1. HP: 18/18 MP: 0/0
   207 | D:1      | Reached skill level 1 in Armour
   211 | D:1      | Reached XP level 2. HP: 25/25 MP: 1/1
   418 | D:1      | Reached XP level 3. HP: 28/30 MP: 2/2
   505 | D:1      | Reached skill level 4 in Polearms
   894 | D:2      | Found a basalt altar of Yredelemnul.
   984 | D:2      | Found a burning altar of Makhleb.
   984 | D:2      | Noticed a cacodemon
   987 | D:2      | Noticed an orange demon
   987 | D:2      | Noticed a ynoxinul
  1434 | D:3      | Reached XP level 4. HP: 38/38 MP: 3/3
  1757 | D:3      | Noticed adamhnan's ghost (amateur DsFE)
  1766 | D:3      | Killed adamhnan's ghost
  1766 | D:3      | Reached XP level 5. HP: 27/46 MP: 4/4
  2002 | D:3      | Found a deep blue altar of Sif Muna.
  2226 | D:4      | Noticed a centaur
  2234 | D:4      | Killed a centaur
  2234 | D:4      | Reached skill level 5 in Polearms
  2234 | D:4      | Reached XP level 6. HP: 40/52 MP: 5/5
  2244 | D:4      | Found a shadowy altar of Dithmenos.
  2521 | D:4      | Noticed an ogre
  2529 | D:4      | Killed an ogre
  2529 | D:4      | Reached skill level 5 in Dodging
  3091 | D:5      | Entered Level 5 of the Dungeon
  3100 | D:5      | Reached XP level 7. HP: 56/60 MP: 6/6
  3181 | D:5      | Found Jogyif's General Store.
  3189 | D:5      | Reached skill level 5 in Fighting
  3189 | D:5      | Reached skill level 6 in Polearms
  3232 | D:5      | Found a white marble altar of Elyvilon.
  3275 | D:5      | Found an iron altar of Okawaru.
  3288 | D:5      | Found Biuguel's Magic Scroll Boutique.
  3628 | D:5      | Found a shimmering altar of Xom.
  3858 | D:5      | Reached skill level 5 in Armour
  3912 | D:5      | Became a worshipper of Warmaster Okawaru
  3977 | D:6      | Found a shadowy altar of Dithmenos.
  4054 | D:6      | Noticed Pikel
  4079 | D:6      | Found a staircase to the Ecumenical Temple.
  4083 | D:6      | Killed Pikel
  4083 | D:6      | Reached * piety under Okawaru
  4083 | D:6      | Reached ** piety under Okawaru
  4083 | D:6      | Reached skill level 7 in Polearms
  4083 | D:6      | Reached XP level 8. HP: 31/71 MP: 7/7
  4304 | D:6      | Found a blossoming altar of Fedhas.
  4384 | D:6      | Found a white marble altar of Elyvilon.
  4685 | D:6      | Found Ymirchasm's Gadget Emporium.
  4980 | D:7      | Reached *** piety under Okawaru
  5051 | D:7      | Reached skill level 8 in Polearms
  5051 | D:7      | Reached XP level 9. HP: 45/79 MP: 8/8
  5780 | D:7      | Reached **** piety under Okawaru
  6366 | D:8      | Found a shimmering altar of Xom.
  6375 | D:8      | Reached skill level 9 in Polearms
  6498 | D:8      | Noticed Erolcha
  6505 | D:8      | Killed Erolcha
  6505 | D:8      | Received a gift from Okawaru
  6505 | D:8      | Reached ***** piety under Okawaru
  6505 | D:8      | Reached XP level 10. HP: 62/90 MP: 6/9
  6793 | D:8      | Received a gift from Okawaru
  7038 | D:8      | Noticed a three-headed hydra
  7053 | D:8      | Killed a three-headed hydra
  7053 | D:8      | Received a gift from Okawaru
  7053 | D:8      | Reached skill level 10 in Polearms
  7542 | D:9      | Noticed Psyche
  7551 | D:9      | Killed Psyche
  7580 | D:9      | Noticed a centaur warrior
  7592 | D:9      | Killed a centaur warrior
  7702 | D:9      | Reached skill level 10 in Fighting
  7722 | D:9      | what is this bargage
  7733 | D:9      | Slain by an unseen horror

Action                   |  1- 3 |  4- 6 |  7- 9 | 10-12 || total
-------------------------+-------+-------+-------+-------++-------
Melee: Trident           |   117 |    94 |   314 |    50 ||   575
       Spear             |       |       |       |    60 ||    60
Invok: Heroism           |       |       |     5 |     3 ||     8
  Use: Potion            |     6 |     2 |     3 |     7 ||    18
       Scroll            |     7 |     2 |     7 |     1 ||    17
 Stab: Sleeping          |       |     1 |       |       ||     1
       Invisible         |       |       |     1 |       ||     1
  Eat: Beef jerky        |     1 |     2 |     1 |       ||     4
       Fruit             |       |     1 |     1 |     1 ||     3
       Chunk             |       |     1 |     6 |     2 ||     9
       Bread ration      |       |       |     1 |       ||     1
       Pizza             |       |       |       |     1 ||     1
